 Dungeon Crawl Stone Soup version 0.29-a0-648-g6b26cc9f40 (webtiles) character file.

Game seed: 378621231810391949

1 Essalna the Ducker (level 1, 11/16 HPs)
             Began as a Merfolk Gladiator on June 19, 2022.
             Got out of the dungeon alive.
             The game lasted 00:00:31 (141 turns).

Essalna the Ducker (Merfolk Gladiator)               Turns: 141, Time: 00:00:32

Health: 11/16      AC:  4    Str: 14    XL:     1   Next: 20%
Magic:  1/1        EV: 13    Int:  7    God:
Gold:   0          SH:  0    Dex: 15    Spells: 0/0 levels left

rFire   . . .      SeeInvis .   a - +0 trident
rCold   . . .      Faith    .   (no shield)
rNeg    . . .      Spirit   .   b - +0 leather armour
rPois   .          Reflect  .   c - +0 helmet
rElec   .          Harm     .   (no cloak)
rCorr   .          Rampage  .   (no gloves)
Will    .....                   (no boots)
Stlth   +.........              (no amulet)
HPRegen 0.05/turn               (no ring)
MPRegen 0.07/turn               (no ring)

@: no status effects
A: (nimble swimmer 2), mertail
a: no special abilities


You escaped.
You visited 1 branch of the dungeon, and saw 1 of its levels.

Inventory:

Hand Weapons
 a - a +0 trident (weapon)
Missiles
 d - 3 throwing nets (quivered)
 e - a javelin
Armour
 b - a +0 leather armour (worn)
 c - a +0 helmet (worn)


   Skills:
 + Level 2.2 Fighting
 + Level 4.0 Polearms
 + Level 2.0 Throwing
 + Level 4.0 Dodging


You couldn't memorise any spells.
You didn't know any spells.
Your spell library was empty.

Dungeon Overview and Level Annotations

Branches:
Dungeon (1/15)

Altars:


Innate Abilities, Weirdness & Mutations

((You are very nimble when in or above water. (Stealth+, EV+, Speed+++)))
Your lower body shifts to a powerful aquatic tail in water.


Message History

Press: ? - help, Dir - move target, f/p - bat
Aim: a bat (about 54% to evade your +0 trident)
You barely miss the bat. The bat barely misses you.
Reach: a) +0 trident
Press: ? - help, Dir - move target, f/p - bat
Aim: a bat (about 54% to evade your +0 trident)
You closely miss the bat. The bat barely misses you.
Reach: a) +0 trident
Press: ? - help, Dir - move target, f/p - bat
Aim: a bat (about 54% to evade your +0 trident)
You reach to attack!
You hit the bat.
The bat is severely wounded.
The bat hits you but does no damage.
Reach: a) +0 trident
Press: ? - help, Dir - move target, f/p - bat
Aim: a bat (severely wounded, about 54% to evade your +0 trident)
You closely miss the bat.
The bat is severely wounded.
The bat hits you but does no damage.
Reach: a) +0 trident
Press: ? - help, Dir - move target, f - you, p - bat That would be overly suicidal.
Okay, then.
The bat completely misses you.
Reach: a) +0 trident
Press: ? - help, Dir - move target, f - bat
Aim: a bat (severely wounded, about 54% to evade your +0 trident)
You reach to attack!
You hit the bat.
You kill the bat!
Reach: a) +0 trident
Press: ? - help, Dir - move target, f - you
Okay, then.
Unknown command.
There is an open door here.
Your legs become a tail as you enter the water.
There is a staircase leading out of the dungeon here.
Are you sure you want to leave the Dungeon?
This will make you lose the game!
Alright, then stay!
Are you sure you want to leave the Dungeon?
This will make you lose the game!
You have escaped!

#.##.......
#..........
####..##.## ##..##.#
###### ..[.##.#
#≈≈≈≈########.##.#.#
#≈##≈#....# #.#.###.
#≈≈≈≈#.##.# #..## #
#≈#@≈'.##.# ###.## .
#≈#≈≈####.######.#.#
#≈##≈# #.........#
≈#≈≈≈# ########### #
####


There were no monsters in sight!

Vanquished Creatures
  A bat (D:1)
1 creature vanquished.

Notes
Turn   | Place    | Note
-------+----------+-------------------------------------------
     0 | D:1      | Essalna the Merfolk Gladiator began the quest for the Orb.
     0 | D:1      | Reached XP level 1. HP: 16/16 MP: 1/1
    34 | D:1      | Upgraded the game from 0.29-a0-632-g781b4ac09e to
                  | 0.29-a0-648-g6b26cc9f40
   141 | D:$      | Got out of the dungeon alive.

Illustrated notes

Levels and vault maps discovered:
D:1:      ncdulo_wetmaze, layout_loops_ring,
          chequers_ecumenical_altar_simple_redux

Action                   || total
-------------------------++-------
Melee: Trident           ||    11
Armor: Leather armour    ||    28
Dodge: Dodged            ||    53

Table legend: (Time is in decaauts)
 A = Elapsed time spent in this place.
 B = Non-inter-level travel time spent in this place.
 C = Inter-level travel time spent in this place.
 D = Time resting spent in this place.
 E = Time spent auto-exploring this place.
 F = Levels seen in this place.
 G = Mean time per level.
                   A        B        C        D        E       F      G
               +--------+--------+--------+--------+--------+-----+--------+
         Total |    138 |    114 |     24 |      0 |     28 |   1 |  138.0 |
       Dungeon |    138 |    114 |     24 |      0 |     28 |   1 |  138.0 |
               +--------+--------+--------+--------+--------+-----+--------+

Top non-repeatable levels by time:
     D:1: 138 daAuts
